 Dungeon Crawl Stone Soup version 0.27.1-1-g398f81649c (webtiles) character file.

Game seed: 9836125418622877715

67 Thatpatchoflichen the Chucker (level 4, 0/48 HPs)
             Began as an Ogre Hunter on Sept 9, 2021.
             Slain by a gnoll (7 damage)
             ... on level 2 of the Dungeon.
             The game lasted 00:03:00 (1898 turns).

Thatpatchoflichen the Chucker (Ogre Hunter)         Turns: 1898, Time: 00:03:01

Health: 0/48       AC:  7    Str: 16    XL:     4   Next: 18%
Magic:  4/4        EV: 10    Int: 12    God:
Gold:   44         SH:  0    Dex: 10    Spells: 3/3 levels left

rFire    . . .     SeeInvis .   n - +0 mace
rCold    . . .     Faith    .   (no shield)
rNeg     . . .     Spirit   .   b - +0 robe
rPois    +         Reflect  .   (helmet restricted)
rElec    .         Harm     .   (no cloak)
rCorr    .         Rampage  .   (gloves unavailable)
Will     .....                  (boots unavailable)
Stlth    +.........             (no amulet)
HPRegen  0.16/turn              i - +4 ring of protection
MPRegen  0.09/turn              l - ring of poison resistance

@: no status effects
A: large, unfitting armour, tough skin 1
a: no special abilities


You were on level 2 of the Dungeon.
You visited 1 branch of the dungeon, and saw 2 of its levels.

You collected 44 gold pieces.

Inventory:

Hand Weapons
 a - a +0 short sword
 n - a +0 mace (weapon)
Missiles
 c - a large rock (quivered)
 d - 2 throwing nets
 h - 65 stones
Armour
 b - a +0 robe (worn)
Jewellery
 i - a +4 ring of protection (left hand)
 l - a ring of poison resistance (right hand)
Scrolls
 e - a scroll of noise {unknown}
 j - a scroll of fear {unknown}
 k - a scroll of blinking {unknown}
Potions
 f - a potion of might {unknown}
 g - a potion of curing {unknown}
 m - a potion of heal wounds {unknown}


   Skills:
 + Level 3.9 Fighting
 - Level 4.0 Throwing
 * Level 3.3 Dodging
 - Level 0.6 Stealth


You had 3 spell levels left.
You didn't know any spells.
Your spell library was empty.

Dungeon Overview and Level Annotations

Branches:
Dungeon (2/15)

Altars:


Innate Abilities, Weirdness & Mutations

You are too large for most types of armour.
You have tough skin. (AC +1)


Message History

Throw: 4 large rocks
Press: ? - help, Q - select action, (/) - cycle Shift-Dir - straight line, f/p - gnoll
Aim: a gnoll, wielding a +0 halberd (lightly wounded, 63% to hit)
You throw a large rock. The large rock barely misses the gnoll.
The gnoll shouts!
The large rock hits the gnoll!
The gnoll is almost dead.
The gnoll closely misses you.
A gnoll comes into view. It is wielding a +0 flail.
Throw: 3 large rocks
Press: ? - help, Q - select action, (/) - cycle Shift-Dir - straight line, f/p - gnoll
Aim: a gnoll, wielding a +0 halberd (63% to hit)
You throw a large rock. The large rock hits the gnoll!
The gnoll is almost dead.
The gnoll barely misses you.
The gnoll hits you from afar with a +0 halberd!
Throw: 2 large rocks
Press: ? - help, Q - select action, (/) - cycle Shift-Dir - straight line, f - gnoll, p - gnoll
Aim: a gnoll, wielding a +0 flail (63% to hit)
You throw a large rock. The large rock barely misses the gnoll.
The large rock hits the gnoll!!
You kill the gnoll!
The gnoll closely misses you.
The gnoll hits you from afar with a +0 halberd!
You have reached level 4!
The gnoll shouts!
You hit the gnoll.
You kill the gnoll!
The gnoll hits you from afar with a +0 halberd!
* * * LOW HITPOINT WARNING * * *
The gnoll barely misses you. The gnoll misses you.
You closely miss the gnoll.
The gnoll is almost dead.
The gnoll hits you with a +0 halberd.
* * * LOW HITPOINT WARNING * * *
You closely miss the gnoll.
The gnoll is almost dead.
The gnoll hits you with a +0 halberd!
You die...

###.#########.# . #...........#.#
.. ###### #.#.######....# ...
#....# #.#.## #..###
...######....# #..†.# #..###.#
..g.....#....# ###..# #......#
#....(..#....######..# #.######
#....)..#.....)......# #.......
.....(.....(..gg@....#####.######
############.##..................
######.##[##.#.############
.................. ....
#######....##.#.### .###
......(........ #.
############.#.# #. #.. #. #.


You could see 2 gnolls.

Vanquished Creatures
  2 gnolls (D:2)
  An adder (D:2)
  2 dart slugs (D:1)
  4 ball pythons (D:1)
  5 endoplasms
  2 giant cockroaches (D:1)
  5 goblins (D:1)
  2 hobgoblins (D:1)
  5 kobolds
  A quokka (D:2)
  2 bats (D:2)
  2 frilled lizards
  A rat (D:1)
34 creatures vanquished.

Notes
Turn   | Place    | Note
-------+----------+-------------------------------------------
     0 | D:1      | Thatpatchoflichen the Ogre Hunter began the quest for the
                  | Orb.
     0 | D:1      | Reached XP level 1. HP: 22/22 MP: 1/1
   207 | D:1      | Reached XP level 2. HP: 23/31 MP: 2/2
  1005 | D:1      | Reached XP level 3. HP: 37/37 MP: 3/3
  1892 | D:2      | Reached XP level 4. HP: 22/48 MP: 4/4
  1898 | D:2      | Slain by a gnoll

Illustrated notes

Levels and vault maps discovered:
D:1:      mrwooster_arrival_arrow, layout_basic, minmay_pentomino_o4
D:2:      layout_basic

Skill      XL: |  1  2  3 |
---------------+----------+-----
Dodging        | 2 3 |  3.3
Fighting       | 3 |  3.9
Throwing       | |  4.0
Stealth        | |  0.6

Action                   |  1- 3 |  4- 6 || total
-------------------------+-------+-------++-------
Melee: Short sword       |   142 |       ||   142
       Mace              |       |     3 ||     3
Throw: Large rock        |     4 |       ||     4
 Stab: Sleeping          |     1 |       ||     1
Armor: Robe              |    68 |       ||    68
Dodge: Dodged            |    86 |     2 ||    88
